 Dungeon Crawl Stone Soup version 0.30.0-29-ga12c61a403 (webtiles) character file.

Game seed: 4484740425485943809

851 BONEBRO the Shield-Bearer (level 7, -4/56 HPs)
             Began as a Demonspawn Fighter on June 22, 2023.
             Slain by a sky beast (6 damage)
             ... on level 6 of the Dungeon.
             The game lasted 00:12:08 (5151 turns).

BONEBRO the Shield-Bearer (Demonspawn Fighter)      Turns: 5151, Time: 00:12:08

Health: -4/56      AC:  5    Str: 25    XL:     7   Next: 69%
Magic:  0/0        EV: 10    Int: 12    God:
Gold:   119        SH: 12    Dex: 16    Spells: 6/6 levels left

rFire   . .          .
                       - Unarmed
rCold   . . .        b - +0 buckler
rNeg    + . .        p - +0 ring mail of Otwed {Rampage Str+3 Int+3 Stlth-}
rPois   +            (helmet restricted)
rElec   .            (no cloak)
rCorr   .            (no gloves)
SInv    .            (no boots)
Will    .....        (no amulet) Stlth
                     r - ring of poison resistance
HPRegen 0.29/turn    y - ring "Jinwo" {rN+ MP-9 Str+3 Dex+4}
MPRegen 0.07/turn

%: rampage
@: no status effects
A: antennae 1, large bone plates 2
a: no special abilities


You were on level 6 of the Dungeon.
You visited 1 branch of the dungeon, and saw 6 of its levels.

You collected 347 gold pieces.
You spent 228 gold pieces at shops.

Inventory:

Missiles
 q - 6 atropa-tipped darts (quivered)
Armour
 a - a +0 scale mail
 b - a +0 buckler (worn)
 p - the +0 ring mail of Otwed (worn) {Rampage Str+3 Int+3 Stlth-}
   (You found it on level 2 of the Dungeon)

   Str:       It affects your strength (+3).
   Int:       It affects your intelligence (+3).
   Rampage:   It bestows one free step when moving towards enemies.
   Stlth:     It makes you less stealthy.
Jewellery
 r - a ring of poison resistance (left hand)
 y - the ring "Jinwo" (right hand) {rN+ MP-9 Str+3 Dex+4}
   (You bought it in a shop on level 4 of the Dungeon)

   [ring of positive energy]

   Str:       It affects your strength (+3).
   Dex:       It affects your dexterity (+4).
   rN:        It protects you from negative energy.
   MP:        It affects your magic capacity (-9).
 A - a ring of see invisible
Scrolls
 c - 3 scrolls of noise {unknown}
 e - a scroll of torment {unknown}
 f - 5 scrolls of amnesia {unknown}
 g - 2 scrolls of enchant weapon {unknown}
 h - 3 scrolls of fear {unknown}
 j - 3 scrolls of fog {unknown}
 l - 3 scrolls of teleportation {unknown}
 m - 6 scrolls of identify {unknown}
 s - a scroll of enchant armour {unknown}
 v - 3 scrolls of poison {unknown}
 B - a scroll of brand weapon {unknown}
 C - a scroll of magic mapping {unknown}
Potions
 d - a potion of flight {unknown}
 i - 3 potions of ambrosia {unknown}
 n - a potion of mutation {unknown}
 o - 2 potions of invisibility {unknown}
 t - 2 potions of lignification {unknown}
 u - a potion of brilliance {unknown}
 w - a potion of degeneration {unknown}
 x - a potion of attraction {unknown}
 z - a potion of magic {unknown}


   Skills:
 - Level 5.0 Fighting
 - Level 2.6 Armour
 + Level 5.9 Shields
 - Level 5.0 Unarmed Combat


You had 6 spell levels left.
You didn't know any spells.
Your spell library contained the following spells:

 Spells                   Type           Power      Damage    Failure   Level
 Apportation              Tloc           0%         N/A       52%         1
 Necrotise                Necr           0%         1d4       52%         1
 Sting                    Tmut/Pois      0%         1d3       52%         1
 Summon Small Mammal      Summ           0%         N/A       52%         1
 Blink                    Tloc           0%         N/A       65%         2
 Poisonous Vapours        Pois/Air       0%         N/A       65%         2
 Dazzling Flash           Conj/Hex       0%         N/A       87%         3
 Inner Flame              Hex/Fire       0%         N/A       87%         3
 Ozocubu's Armour         Ice            0%         N/A       87%         3
 Volatile Blastmotes      Fire/Tloc      0%         2d10      87%         3
 Flame Wave               Conj/Fire      0%         2d4       99%         4
 Iskenderun's Mystic Bla  Conj/Tloc      0%         2d3       99%         4
 Manifold Assault         Tloc           0%         N/A       99%         4
 Olgreb's Toxic Radiance  Pois           0%         N/A       99%         4
 Sticky Flame             Conj/Fire      0%         2d3       99%         4
 Metabolic Englaciation   Hex/Ice        0%         N/A       100%        5
 Simulacrum               Ice/Necr       0%         N/A       100%        6
 Starburst                Conj/Fire      0%         6d3       100%        6
 Storm Form               Tmut/Air       0%         N/A       100%        7


Dungeon Overview and Level Annotations

Branches:
Dungeon (6/15)
 Temple: D:4-7

Altars:
Ru

Shops:
D:4 =


Innate Abilities, Weirdness & Mutations

You have a pair of small antennae on your head.
You are mostly covered in large bone plates. (SH +6)


Message History

The sky beast is moderately wounded.
The sky beast closely misses you.
You punch the sky beast!
The sky beast is heavily wounded.
The sky beast hits you.
* * * LOW HITPOINT WARNING * * *
The sky beast shocks you.
* * * LOW HITPOINT WARNING * * *
Sorry, you're not good enough to have a special ability.
You feel better.
The sky beast hits you but does no damage.
You hit the sky beast but do no damage.
The sky beast is heavily wounded.
You block the sky beast's attack.
You hit the sky beast.
The sky beast is severely wounded.
You block the sky beast's attack.
You hit the sky beast but do no damage.
The sky beast is severely wounded.
The sky beast hits you but does no damage.
You barely miss the sky beast.
The sky beast is severely wounded.
You barely miss the sky beast.
The sky beast is severely wounded.
The sky beast hits you.
* * * LOW HITPOINT WARNING * * *
The sky beast shocks you.
* * * LOW HITPOINT WARNING * * *
You hit the sky beast.
The sky beast is almost dead.
The sky beast hits you.
* * * LOW HITPOINT WARNING * * *
The sky beast shocks you.
* * * LOW HITPOINT WARNING * * *
You closely miss the sky beast.
The sky beast is almost dead.
The sky beast hits you.
* * * LOW HITPOINT WARNING * * *
The sky beast shocks you.
You die...

.#......## ... ...
........ .... ##..
#......##..## ...
#..........#) #..##
#..........## #...#
#........... #
#..#####..........
....###.##.....@Y......
.......<...#(#.........
...........#.#....=....
..........#......#....>
.....#.#####.....##..##
.##.### #.#.... ..# #.
###..### #.. # #### ##


You could see a sky beast.

Vanquished Creatures
  2 water moccasins (D:5)
  A phantom (D:5)
  2 hounds
  A jelly (D:5)
  3 orc priests
  Ijyb (D:4)
  2 iguanas (D:5)
  5 orc wizards
  7 adders
  A white imp (D:5)
  2 ufetubi
  3 dart slugs
  16 orcs
  10 bats
  7 endoplasms
  5 giant cockroaches
  7 goblins
  7 hobgoblins
  4 jackals (D:3)
  4 quokkas
  4 ball pythons
  2 frilled lizards
  11 kobolds
  7 rats
114 creatures vanquished.

Notes
Turn   | Place    | Note
-------+----------+-------------------------------------------
     0 | D:1      | BONEBRO the Demonspawn Fighter began the quest for the Orb.
     0 | D:1      | Reached XP level 1. HP: 18/18 MP: 1/1
   322 | D:1      | Gained mutation: You are partially covered in large bone
                  | plates. (SH +4) [demonic ancestry]
   322 | D:1      | Reached XP level 2. HP: 24/24 MP: 2/2
  1232 | D:2      | Gained mutation: You have a pair of small antennae on your
                  | head. [demonic ancestry]
  1232 | D:2      | Reached XP level 3. HP: 27/29 MP: 3/3
  1498 | D:2      | Identified the +0 ring mail of Otwed {Rampage Str+3 Int+3
                  | Stlth-}
  2286 | D:3      | Reached XP level 4. HP: 35/35 MP: 4/4
  2671 | D:4      | Gained mutation: You are mostly covered in large bone
                  | plates. (SH +6) [demonic ancestry]
  2671 | D:4      | Reached XP level 5. HP: 37/41 MP: 5/5
  2703 | D:4      | Reached skill level 5 in Unarmed Combat
  2843 | D:4      | Found Xion's Jewellery Emporium.
  2989 | D:4      | Found a sacrificial altar of Ru.
  3111 | D:4      | Reached XP level 6. HP: 42/49 MP: 6/6
  3347 | D:4      | Noticed Ijyb
  3381 | D:4      | Killed Ijyb
  3673 | D:4      | Reached skill level 5 in Fighting
  3918 | D:4      | Bought the ring "Jinwo" {rN+ MP-9 Str+3 Dex+4} for 228 gold
                  | pieces
  3934 | D:5      | Entered Level 5 of the Dungeon
  4283 | D:5      | Identified the +6 rapier of the Realm of Zot {drain, Fly
                  | rN++ Dex-5}
  4286 | D:5      | Noticed a water moccasin
  4293 | D:5      | Killed a water moccasin
  4294 | D:5      | Reached XP level 7. HP: 56/56 MP: 0/7
  4548 | D:5      | Reached skill level 5 in Shields
  5151 | D:6      | HP: 2/56 [sky beast (2)]
  5151 | D:6      | Slain by a sky beast

Illustrated notes

Levels and vault maps discovered:
D:1:      minmay_arrival_wavy_path, layout_basic, minmay_misc_feat_nine_boxes,
          nicolae_concentric_dashed_squares_wild, minmay_heptomino_l4
D:2:      layout_loops_ring
D:3:      layout_basic, serial_glass, glass_columns_a, glass_columns_a
D:4:      layout_basic, kennysheep_little_box, serial_shops,
          nicolae_shop_statue_plus, uniq_ijyb
D:5:      layout_basic, minmay_misc_feat_plants
D:6:      layout_cave_pools, mainiacjoe_overflow_cross_hatched,
          mainiacjoe_overflow_tiny_flanked, minmay_temple_entry_tees,
          nicolae_ossuary_entry_plus, portal_sewer_entry_c, item_on_display_a,
          uniq_pikel

Skill      XL: |  1  2  3  4  5  6  7 |
---------------+----------------------+-----
Unarmed Combat | 2 3 4 5 |  5.0
Fighting       | 4 5 |  5.0
Shields        | 4 5 |  5.9
Armour         | |  2.6

Action                     |  1- 3 |  4- 6 |  7- 9 || total
---------------------------+-------+-------+-------++-------
  Melee: Unarmed           |   228 |   227 |   101 ||   556
    Use: Potion            |       |     3 |     1 ||     4
 Armour: Scale mail        |    43 |       |       ||    43
         Ring mail         |    30 |    51 |    11 ||    92
  Dodge: Dodged            |    76 |    68 |    20 ||   164
  Block: Buckler           |    81 |    77 |    34 ||   192
